 Dungeon Crawl Stone Soup version 0.20-a0-331-g5b3579f (webtiles) character file.

44 dondy the Slasher (level 3, -3/29 HPs)
             Began as a Demonspawn Abyssal Knight on Dec 21, 2016.
             Was a Believer of Lugonu.
             Slain by a kobold
             ... wielding a +1 short sword of electrocution
              (5 damage)
             ... on level 3 of the Dungeon.
             The game lasted 00:03:37 (1646 turns).

dondy the Slasher (Demonspawn Abyssal Knight)       Turns: 1646, Time: 00:03:38

Health: -3/29      AC:  4    Str: 18    XL:     3   Next: 41%
Magic:  4/4        EV: 11    Int: 13    God:    Lugonu [**....]
Gold:   79         SH:  0    Dex: 12    Spells: 2/2 levels left

rFire  . . .     SeeInvis .     a - +1 falchion
rCold  . . .     Gourm    .     b - +0 leather armour
rNeg   . . .     Faith    .     (no shield)
rPois  .         Spirit   .     (no helmet)
rElec  .         Reflect  .     l - +0 cloak
rCorr  .         Harm     .     (no gloves)
MR     .....                    (no boots)
Stlth  +.........               (no amulet)
                                (no ring)
                                (no ring)

@: mighty
A: powered by pain 1
a: Depart the Abyss, Bend Space, Renounce Religion


You were on level 3 of the Dungeon.
You worshipped Lugonu.
Lugonu was pleased with you.
You were not hungry.

You visited 1 branch of the dungeon, and saw 3 of its levels.
You visited the Abyss 1 time.

You collected 79 gold pieces.

Inventory:

Hand Weapons
 a - a +1 falchion (weapon)
Missiles
 p - 7 tomahawks (quivered)
Armour
 b - a +0 leather armour (worn)
 l - a +0 cloak (worn)
Jewellery
 q - an uncursed ring of poison resistance {unknown}
Scrolls
 d - a scroll of teleportation {unknown}
 e - 2 scrolls of fog {unknown}
 f - 2 scrolls of remove curse {unknown}
 i - 2 scrolls of identify {unknown}
 j - 2 scrolls of magic mapping {unknown}
 k - a scroll of amnesia {unknown}
 o - 2 scrolls of enchant weapon {unknown}
Potions
 g - 2 potions of heal wounds {unknown}
 n - a potion of lignification {unknown}
Comestibles
 c - 3 bread rations
 m - a beef jerky


   Skills:
 - Level 3.0 Fighting
 + Level 3.5 Long Blades
 - Level 1.7 Armour
 - Level 0.8 Dodging
 - Level 2.4 Invocations


You had 2 spell levels left.
You didn't know any spells.

Dungeon Overview and Level Annotations

Branches:
Dungeon (3/15)

Altars:


Innate Abilities, Weirdness & Mutations

You sometimes gain a little power by taking damage.


Message History

A kobold comes into view.
It is wielding a short sword of electrocution.
Found a stone staircase leading down.
Found a stone staircase leading up.
Found a hunting sling.
You hit the kobold.
The kobold is severely wounded.
The kobold hits you with a short sword of electrocution.
You are electrocuted!
Ouch! That really hurt!
You focus on the pain.
You feel very mighty all of a sudden.
You barely miss the kobold.
The kobold is severely wounded.
The kobold hits you but does no damage.
You are electrocuted!
* * * LOW HITPOINT WARNING * * *
Unknown command.
You miss the kobold.
The kobold is severely wounded.
The kobold hits you with a short sword of electrocution.
You die...

#...##..#.#.#
##K###..# ..
## #.# #..#
.# .. #.#
#... K> #.
#.# ##.## #
#. #.### .#
#. #...##..
#.###K..###.
#...@.......#
#####...###).
##.## .# .#
.# .#


You could see a kobold.

Vanquished Creatures
  4 dart slugs
  A leopard gecko (D:1)
  4 bats (D:1)
  4 giant cockroaches (D:1)
  3 goblins
  5 hobgoblins (D:1)
  3 kobolds
  4 frilled lizards
  3 rats
31 creatures vanquished.

Notes
Turn   | Place    | Note
-------+----------+-------------------------------------------
     0 | Abyss:1  | dondy the Demonspawn Abyssal Knight began the quest for the Orb.
     0 | Abyss:1  | Reached XP level 1. HP: 18/18 MP: 2/2
    23 | Abyss:1  | Found an iron altar of Okawaru.
    41 | D:1      | Escaped the Abyss
    41 | D:1      | Noticed a green draconian
    41 | D:1      | Noticed a white draconian
    42 | D:1      | Noticed an iron dragon
    43 | D:1      | Noticed a golden dragon
    45 | D:1      | Noticed an orb of fire
    45 | D:1      | Noticed a shadow dragon
    49 | D:1      | Noticed a shadow dragon
    52 | D:1      | Noticed a shadow dragon
    52 | D:1      | Noticed an iron dragon
    54 | D:1      | Noticed a black draconian
    54 | D:1      | Noticed a shadow dragon
    55 | D:1      | Noticed a large abomination
    56 | D:1      | Noticed an iron dragon
    56 | D:1      | Noticed a shadow dragon
    58 | D:1      | Noticed a large abomination
    58 | D:1      | Noticed an iron dragon
    60 | D:1      | Noticed an ice dragon
    64 | D:1      | Noticed an ice dragon
   320 | D:1      | Gained mutation: You sometimes gain a little power by taking damage. [demonic ancestry]
   320 | D:1      | Reached XP level 2. HP: 23/24 MP: 3/3
   642 | D:1      | Reached ** piety under Lugonu
   891 | D:1      | Reached XP level 3. HP: 28/29 MP: 4/4
  1626 | D:2      | You fall through a shaft!
  1646 | D:3      | Slain by a kobold

Vault maps used:
D:1:      shiori_arrival_whats_in_store_for_you
D:2:      first_bread, uniq_crazy_yiuf_cottage
D:3:      minitemple, portal_sewer_entry_e

Skill      XL: |  1  2 |
---------------+-------+-----
Long Blades    | 2 3 |  3.5
Fighting       | |  3.0
Armour         | |  1.7
Dodging        | |  0.8
Invocations    | |  2.4

Action                   || total
-------------------------++-------
Melee: Falchion          ||    88
  Eat: Chunk             ||     2
Armor: Leather armour    ||    24
Dodge: Dodged            ||    34
       Rpst.: Falchion   ||     9
